 Dungeon Crawl Stone Soup version 0.29.0-4-gdea44cf6ec (webtiles) character file.

Game seed: 11138722934632940512

439 qw the Ruffian (level 6, -2/59 HPs)
             Began as a Troll Cinder Acolyte on Aug 30, 2022.
             Was a High Priest of Ignis.
             Succumbed to a gnoll's poison
             ... on level 5 of the Dungeon.
             The game lasted 00:01:23 (2655 turns).

qw the Ruffian (Troll Cinder Acolyte)               Turns: 2655, Time: 00:01:23

Health: -2/59      AC: 11    Str: 25    XL:     6   Next: 70%
Magic:  6/6        EV:  9    Int: 10    God:    Ignis [*****.]
Gold:   157        SH:  0    Dex:  5    Spells: 7/7 levels left

rFire   + . .      SeeInvis .     - Unarmed
rCold   . . .      Faith    .   (no shield)
rNeg    . . .      Spirit   .   a - +0 robe
rPois   .          Reflect  .   (helmet restricted)
rElec   .          Harm     .   (no cloak)
rCorr   .          Rampage  .   (gloves unavailable)
Will    .....                   (boots unavailable)
Stlth   +.........              (no amulet)
HPRegen 0.99/turn               f - +4 ring of slaying {mikee}
MPRegen 0.10/turn               (no ring)

@: lethally poisoned (-2 -> -8), about to teleport, fiery-armoured
A: large, unfitting armour, claws 3, regeneration 1, shaggy fur 1, tough skin 1
a: Renounce Religion, Fiery Armour, Foxfire Swarm, Rising Flame


You were on level 5 of the Dungeon.
You worshipped Ignis.
Ignis was extremely pleased with you.
You visited 1 branch of the dungeon, and saw 5 of its levels.

You collected 157 gold pieces.


Innate Abilities, Weirdness & Mutations

You are too large for most types of armour.
You have claws for hands.
Your natural rate of healing is unusually fast.
You are covered in fur. (AC +1)
You have tough skin. (AC +1)


   Skills:
 - Level 2.4 Fighting
 - Level 1.3 Throwing
 + Level 7.4 Unarmed Combat
 - Level 1.0 Spellcasting
 - Level 2.1 Fire Magic


You had 7 spell levels left.
You didn't know any spells.
Your spell library contained the following spells:

 Spells                   Type           Power      Damage    Failure   Level
 Scorch                   Fire           8%         2d5       22%         2

Inventory:

Missiles
 i - 3 silver boomerangs (quivered)
Armour
 a - a +0 robe (worn)
Jewellery
 b - the ring of Spite {Ice MP+9 Dex+4 Slay+5 Stlth-}
   (You found it on level 5 of the Dungeon)

   [ring of ice]

   It enhances your ice magic.
   Dex:       It affects your dexterity (+4).
   Slay:      It affects your accuracy & damage with ranged weapons and melee
   (+5).
   rF:        It makes you vulnerable to fire.
   rC:        It protects you from cold.
   MP:        It affects your magic capacity (+9).
   Stlth:     It makes you less stealthy.
 f - a +4 ring of slaying (left claw) {mikee}
Scrolls
 c - 3 scrolls of identify
 d - a scroll of teleportation
 g - a scroll of enchant weapon
Potions
 e - a potion of might
 j - a potion of resistance

Dungeon Overview and Level Annotations

Branches:
Dungeon (5/15)
 Temple: D:4-7

Altars:
Dithmenos
Gozag
Kikubaaqudgha
Makhleb
Ru
Sif Muna
Uskayaw
Vehumet
Wu Jian
Xom


Message History

The ogre is heavily wounded.
You closely miss the ogre.
The ogre is heavily wounded.
You feel sick.
A gnoll comes into view. It is wielding a +0 halberd.
You claw the ogre!
The ogre is almost dead.
You feel sick. The ogre hits you with a +0 giant club.
The ogre is burned by your cloak of flames.
The ogre is almost dead.
You mangle the ogre!!
You kill the ogre!
You feel sick.
Your Unarmed Combat skill increases to level 7!
2653 ||| READING 2 scrolls of teleportation.
As you read the scroll of teleportation, it crumbles to dust.
You feel strangely unstable.
You feel sick. The adder bites you but does no damage.
The adder is burned by your cloak of flames.
The adder is heavily wounded.
The gnoll hits you from afar with a +1 halberd of venom!
You are lethally poisoned!
The orc misses you.
The gnoll bouda barks out a call to the hunt!
The gnolls pick up the pace!
You closely miss the adder.
The adder is heavily wounded.
You feel very sick.
An adder comes into view.
The adder closely misses you. The orc closely misses you.
The gnoll bouda hits you with a +0 club.
The gnoll bouda is burned by your cloak of flames.
The gnoll bouda is lightly wounded.
The gnoll closely misses you. The adder bites you.
The adder is burned by your cloak of flames.
You kill the adder!
The adder moves out of view.
You closely miss the gnoll bouda. You claw the gnoll bouda!
The gnoll bouda is heavily wounded.
You die...

#.. #.. ... #g# #g#
##.####g# (.....og##
#....oo@# ..#### ###
#######)# #.##.# #.#
#.# #.##.# #.# #.#
#.##.##.# #.# #.#
#.##.##.# #.# #.#
#.##.##.# #..
.######.####.##.##.#
###
................##.#
########?###.#####.#


You could see a gnoll bouda, 3 gnolls and 3 orcs.

Vanquished Creatures
  An ogre (D:5)
  A scorpion (D:5)
  A howler monkey (D:4)
  A hound (D:4)
  Ijyb (D:4)
  3 iguanas
  4 adders
  A worm (D:2)
  6 dart slugs
  An orc (D:4)
  7 ball pythons
  2 endoplasms (D:3)
  3 giant cockroaches
  2 goblins
  13 hobgoblins
  3 jackals (D:1)
  5 quokkas
  7 bats
  2 frilled lizards
  10 kobolds
  8 rats
82 creatures vanquished.

Vanquished Creatures (others)
  A withered plant (D:5)
1 creature vanquished.

Grand Total: 83 creatures vanquished

Notes
Turn   | Place    | Note
-------+----------+-------------------------------------------
     0 | D:1      | qw the Troll Cinder Acolyte began the quest for the Orb.
     0 | D:1      | Reached XP level 1. HP: 22/22 MP: 1/1
     0 | D:1      | 0 ||| qw: Version: 0.1-a-97-g2dd2ca4
     0 | D:1      | 0 ||| qw: Game counter: 4464
     0 | D:1      | 0 ||| qw: Always use a shield: true
     0 | D:1      | 0 ||| qw: God list: Okawaru
     0 | D:1      | 0 ||| qw: Allow faded altars: false
     0 | D:1      | 0 ||| qw: Do Orc after D:15 true
     0 | D:1      | 0 ||| qw: Do second Lair branch before Depths: true
     0 | D:1      | 0 ||| qw: Lair rune preference: random
     0 | D:1      | 0 ||| qw: Plans: Normal
     0 | D:1      | 0 ||| PLANNING D:1-11
    91 | D:1      | 91 ||| Stepping ~*~*~tactically~*~*~ (stealth).
    93 | D:1      | Reached XP level 2. HP: 29/29 MP: 2/2
   496 | D:1      | Found a faded altar of an unknown god.
   507 | D:1      | 507 ||| Stepping ~*~*~tactically~*~*~ (hiding).
   514 | D:1      | Reached skill level 4 in Unarmed Combat
   723 | D:1      | 723 ||| UPGRADING to +4 ring of slaying {mikee}.
   724 | D:1      | 724 ||| READING 3 scrolls labelled XUSHRU NIRAE.
   725 | D:1      | 725 ||| READING 2 scrolls labelled ODO BUVUKH.
   729 | D:1      | 729 ||| READING 2 scrolls labelled NONISUCIBLA.
   730 | D:1      | 730 ||| READING scroll labelled LUYMEC MOUDAC.
   731 | D:1      | 731 ||| READING scroll labelled YHUUDA EQAEWNOONT.
   732 | D:1      | 732 ||| DRINKING 2 white potions.
   733 | D:1      | 733 ||| DROPPING scroll of magic mapping.
   813 | D:2      | 813 ||| Stepping ~*~*~tactically~*~*~ (stealth).
   814 | D:2      | 814 ||| Stepping ~*~*~tactically~*~*~ (stealth).
   871 | D:2      | 871 ||| Stepping ~*~*~tactically~*~*~ (outnumbered).
   876 | D:2      | Reached XP level 3. HP: 36/36 MP: 3/3
   878 | D:2      | 878 ||| Stepping ~*~*~tactically~*~*~ (stealth).
   906 | D:2      | Found a shimmering altar of Xom.
   953 | D:2      | 953 ||| Stepping ~*~*~tactically~*~*~ (stealth).
  1112 | D:2      | 1112 ||| READING scroll labelled ROLAPT MEHI.
  1113 | D:2      | 1113 ||| READING scroll labelled SONICV WETZ.
  1114 | D:2      | 1114 ||| READING 3 scrolls of identify.
  1114 | D:2      | 1114 ||| IDENTIFYING fizzy dark potion
  1126 | D:3      | 1126 ||| STAIRDANCE
  1136 | D:3      | 1136 ||| Stepping ~*~*~tactically~*~*~ (stealth).
  1192 | D:3      | Found a sacrificial altar of Ru.
  1200 | D:3      | 1200 ||| Stepping ~*~*~tactically~*~*~ (stealth).
  1241 | D:3      | 1241 ||| Stepping ~*~*~tactically~*~*~ (stealth).
  1305 | D:3      | Reached skill level 1 in Throwing
  1445 | D:3      | Found a burning altar of Makhleb.
  1556 | D:3      | 1556 ||| Stepping ~*~*~tactically~*~*~ (hiding).
  1564 | D:3      | Reached XP level 4. HP: 44/44 MP: 4/4
  1711 | D:3      | Found an ornate altar of the Wu Jian Council.
  1749 | D:3      | Found a radiant altar of Vehumet.
  1750 | D:3      | Found a shimmering blue altar of Sif Muna.
  1764 | D:3      | 1764 ||| DRINKING potion of curing.
  1764 | D:3      | 1764 ||| (to cure confusion)
  1765 | D:3      | 1765 ||| INVOKING Fiery Armour.
  1766 | D:3      | 1766 ||| FLEEEEING.
  1767 | D:3      | 1767 ||| FLEEEEING.
  1768 | D:3      | 1768 ||| FLEEEEING.
  1861 | D:3      | 1861 ||| DRINKING 2 grey potions.
  1915 | D:4      | Reached skill level 5 in Unarmed Combat
  1934 | D:4      | Found an opulent altar of Gozag.
  1960 | D:4      | Found a shadowy altar of Dithmenos.
  1973 | D:4      | 1973 ||| Stepping ~*~*~tactically~*~*~ (stealth).
  1974 | D:4      | 1974 ||| Stepping ~*~*~tactically~*~*~ (stealth).
  1984 | D:4      | Reached XP level 5. HP: 37/50 MP: 5/5
  2072 | D:4      | Noticed Ijyb
  2077 | D:4      | Killed Ijyb
  2135 | D:4      | Reached skill level 6 in Unarmed Combat
  2187 | D:4      | 2187 ||| Stepping ~*~*~tactically~*~*~ (outnumbered).
  2243 | D:4      | 2243 ||| Stepping ~*~*~tactically~*~*~ (hiding).
  2246 | D:4      | 2246 ||| Stepping ~*~*~tactically~*~*~ (hiding).
  2386 | D:4      | Found an ancient bone altar of Kikubaaqudgha.
  2501 | D:4      | 2501 ||| Stepping ~*~*~tactically~*~*~ (stealth).
  2515 | D:4      | 2515 ||| READING scroll labelled MARGHA VUHA.
  2516 | D:4      | 2516 ||| READING scroll labelled GAYL XICHIPN.
  2517 | D:4      | 2517 ||| READING scroll labelled XUXENW INUJ.
  2518 | D:4      | 2518 ||| READING 4 scrolls of identify.
  2518 | D:4      | 2518 ||| IDENTIFYING bubbling clear potion
  2519 | D:4      | 2519 ||| DROPPING potion of degeneration.
  2556 | D:5      | Entered Level 5 of the Dungeon
  2558 | D:5      | Identified the ring of Spite {Ice MP+9 Dex+4 Slay+5 Stlth-}
  2560 | D:5      | Found a hide-covered altar of Uskayaw.
  2640 | D:5      | Noticed an ogre
  2643 | D:5      | 2643 ||| Stepping ~*~*~tactically~*~*~ (hiding).
  2645 | D:5      | 2645 ||| INVOKING Fiery Armour.
  2647 | D:5      | Reached XP level 6. HP: 45/59 MP: 6/6
  2652 | D:5      | HP: 14/59 [poisoned by a gnoll]
  2653 | D:5      | Reached skill level 7 in Unarmed Combat
  2653 | D:5      | 2653 ||| READING 2 scrolls of teleportation.
  2653 | D:5      | HP: 6/59 [gnoll/+1 halberd of venom[a gnoll bouda] (8)]
  2654 | D:5      | HP: 2/59 [gnoll bouda/+0 club (1)]
  2655 | D:5      | Succumbed to a gnoll's poison

Levels and vault maps discovered:
D:1:      zaba_arrival_water, layout_loops_cross,
          chequers_ecumenical_altar_island
D:2:      layout_rooms, basic_altar
D:3:      layout_loops_ring, nzn_wu_jian_contemplation,
          overflow_temple_1_default, led_sif_book, lightli_temple_of_fire,
          nicolae_ru_sacrificial_ziggurat
D:4:      layout_gridville, nicolae_overflow_crystal_walls,
          mainiacjoe_overflow_catch_the_wave, uniq_ijyb
D:5:      layout_loops_ring, mainiacjoe_overflow_surrounded_room,
          overflow_temple_1_default, temple_hall, gammafunk_ghost_grave

Skill      XL: |  1  2  3  4  5  6 |
---------------+-------------------+-----
Unarmed Combat | 4 5 6 7 |  7.4
Throwing       | 1 |  1.3
Fighting       | |  2.4
Spellcasting   | |  1.0
Fire Magic     | |  2.1

Action                   |  1- 3 |  4- 6 || total
-------------------------+-------+-------++-------
Melee: Unarmed           |    65 |    45 ||   110
       Punch             |     1 |     1 ||     2
Throw: Boomerang         |    18 |     8 ||    26
       Large rock        |     9 |    24 ||    33
Invok: Fiery Armour      |       |     2 ||     2
  Use: Scroll            |     8 |     5 ||    13
       Potion            |     1 |     2 ||     3
Armor: Robe              |    21 |    10 ||    31
Dodge: Dodged            |    20 |    14 ||    34

Table legend:
 A = Non-vault XP
 B = Vault XP
 C = Vault XP percentage of total XP
 D = Non-vault monster count
 E = Vault monster count
 F = Vault count percentage of total count
                 A         B        C        D         E       F
            +---------+---------+-------+---------+---------+-------
      Total |     592 |      36 |   5.7 |      81 |       1 |   1.2
            +---------+---------+-------+---------+---------+-------
        D:1 |      34 |       0 |   0.0 |      18 |       0 |   0.0
        D:2 |      20 |       0 |   0.0 |      13 |       0 |   0.0
        D:3 |      51 |       0 |   0.0 |      22 |       0 |   0.0
        D:4 |     218 |      36 |  14.2 |      23 |       1 |   4.2
        D:5 |     269 |       0 |   0.0 |       5 |       0 |   0.0
            +---------+---------+-------+---------+---------+-------
